 Dungeon Crawl Stone Soup version 0.29.0-13-gc9e81de378 (webtiles) character file.

Game seed: 6727106119161851833

44 bchevrier the Grappler (level 3, -1/25 HPs)
             Began as a Gnoll Wanderer on Sept 8, 2022.
             Slain by a worm (4 damage)
             ... on level 1 of the Dungeon.
             The game lasted 00:03:34 (2035 turns).

bchevrier the Grappler (Gnoll Wanderer)             Turns: 2035, Time: 00:03:34

Health: -1/25      AC:  5    Str: 14    XL:     3   Next: 62%
Magic:  4/4        EV:  5    Int:  9    God:
Gold:   46         SH:  7    Dex: 12    Spells: 3/3 levels left

rFire   . . .      SeeInvis .   m - +1 flail (protect)
rCold   . . .      Faith    .   a - +0 kite shield
rNeg    . . .      Spirit   .   k - +0 ring mail
rPois   .          Reflect  .   (no helmet)
rElec   .          Harm     .   (no cloak)
rCorr   .          Rampage  .   (no gloves)
Will    +....                   (no boots)
Stlth   +.........              (no amulet)
HPRegen 0.08/turn               j - ring of willpower
MPRegen 0.09/turn               (no ring)

@: constricted
A: fangs 1, strong nose, distributed training
a: no special abilities


You were on level 1 of the Dungeon.
You visited 1 branch of the dungeon, and saw 2 of its levels.

You collected 46 gold pieces.

Inventory:

Hand Weapons
 m - a +1 flail of protection (weapon)
Missiles
 d - 14 poisoned darts (quivered)
Armour
 a - a +0 kite shield (worn)
 k - a +0 ring mail (worn)
Jewellery
 j - a ring of willpower (left hand)
Scrolls
 c - a scroll of blinking
 f - a scroll of silence
 g - a scroll of identify {unknown}
 h - a scroll of magic mapping {unknown}
 i - a scroll of enchant weapon {unknown}
Potions
 b - a potion of heal wounds
 l - a potion of lignification {unknown}


   Skills:
 + Level 0.9 Fighting
 + Level 0.9 Short Blades
 + Level 0.9 Long Blades
 + Level 2.6 Axes
 + Level 0.9 Maces & Flails
 + Level 0.9 Polearms
 + Level 0.9 Staves
 + Level 0.9 Ranged Weapons
 + Level 4.5 Throwing
 + Level 0.9 Armour
 + Level 0.9 Dodging
 + Level 2.4 Stealth
 + Level 0.9 Shields
 + Level 10.4 Unarmed Combat
 + Level 0.9 Spellcasting
 + Level 0.6 Conjurations
 + Level 0.6 Hexes
 + Level 0.6 Summonings
 + Level 0.6 Necromancy
 + Level 0.6 Translocations
 + Level 0.6 Transmutations
 + Level 0.6 Fire Magic
 + Level 0.6 Ice Magic
 + Level 0.6 Air Magic
 + Level 0.6 Earth Magic
 + Level 0.6 Poison Magic
 + Level 1.0 Invocations
 + Level 2.6 Evocations


You had 3 spell levels left.
You didn't know any spells.
Your spell library contained the following spells:

 Spells                   Type           Power      Damage    Failure   Level
 Ensorcelled Hibernation  Hex/Ice        2%         N/A       97%         2
 Passwall                 Tmut/Erth      0%         N/A       97%         2
 Swiftness                Air            1%         N/A       99%         3


Dungeon Overview and Level Annotations

Branches:
Dungeon (2/15)

Altars:


Innate Abilities, Weirdness & Mutations

You have very sharp teeth.
Your uncanny sense of smell can sniff out nearby items.
Your experience applies equally to all skills.


Message History

The ball python bites you but does no damage.
The ball python grabs you. The ball python constricts you.
The rat bites you but does no damage.
The hobgoblin hits you but does no damage.
The ball python bites you but does no damage.
The ball python constricts you. The rat bites you but does no damage.
The hobgoblin hits you but does no damage.
The worm bites you but does no damage.
You escape the ball python's grasp.
The ball python bites you but does no damage.
The ball python barely misses you.
There is a stone staircase leading up here.
The ball python bites you but does no damage.
The ball python barely misses you. The rat bites you but does no damage.
The worm barely misses you.
You climb upwards.
There is a stone staircase leading down here.
You barely miss the worm.
The worm is severely wounded.
The ball python closely misses you. The ball python grabs you.
The ball python constricts you. The rat bites you but does no damage.
The ball python bites you. The ball python constricts you. The worm bites you.
* * * LOW HITPOINT WARNING * * *
You hit the worm.
Your weapon exudes an aura of protection.
The worm is severely wounded.
The rat bites you but does no damage. The ball python closely misses you.
The ball python constricts you. You block the rat's attack.
The ball python barely misses you. The ball python constricts you.
The worm bites you but does no damage.
You barely miss the worm.
The worm is severely wounded.
The ball python bites you.
* * * LOW HITPOINT WARNING * * *
The ball python constricts you.
* * * LOW HITPOINT WARNING * * *
The rat barely misses you.
The ball python bites you but does no damage.
The ball python constricts you. The worm bites you.
You die...

####'########.# #..
####.............# ######## #..
...'.............# #......###..
####.........)...# #.......##..
##.##'########.# #.......##..
#...#.# #.#####.#####.#...
#...#.#### #.................
#...#....#####r.####.....#.#...
#...#..#.#....@w.........#+#...
##'##..#.#.###S#######.........
#.....#.............'.........
#####.#######.#######.......##
#.......(.# #.........
#########'#######.......##
#............##.......#
##########............#####....#
.................)....# #...)#


You could see a worm, a ball python and a rat.

Vanquished Creatures
  2 dart slugs (D:1)
  8 endoplasms (D:1)
  4 goblins (D:1)
  3 hobgoblins
  7 jackals (D:1)
  A quokka (D:1)
  2 ball pythons (D:1)
  3 bats (D:1)
  3 frilled lizards (D:1)
  A kobold (D:1)
  A rat (D:1)
35 creatures vanquished.

Notes
Turn   | Place    | Note
-------+----------+-------------------------------------------
     0 | D:1      | Reached skill level 10 in Unarmed Combat
     0 | D:1      | bchevrier the Gnoll Wanderer began the quest for the Orb.
     0 | D:1      | bchevrier set off with the following items: a +0 hand axe,
                  | a potion of heal wounds, a scroll of blinking, 14 poisoned
                  | darts, a +0 dagger, a scroll of silence, a +0 leather
                  | armour.
     0 | D:1      | Reached XP level 1. HP: 13/13 MP: 1/1
   317 | D:1      | Reached XP level 2. HP: 11/19 MP: 2/2
  1026 | D:1      | Reached XP level 3. HP: 25/25 MP: 3/3
  1438 | D:1      | Reached skill level 1 in Invocations
  2035 | D:1      | Slain by a worm

Illustrated notes

Levels and vault maps discovered:
D:1:      dpeg_arrival_round_a, layout_basic
D:2:      layout_basic, dreamdust_ecumenical_altar_angels_and_demons,
          minmay_puff

Skill      XL: |  1  2  3 |
---------------+----------+-----
Unarmed Combat | | 10.4
Invocations    | 1 |  1.0
Fighting       | |  0.9
Short Blades   | |  0.9
Long Blades    | |  0.9
Axes           | |  2.6
Maces & Flails | |  0.9
Polearms       | |  0.9
Staves         | |  0.9
Ranged Weapons | |  0.9
Throwing       | |  4.5
Armour         | |  0.9
Dodging        | |  0.9
Stealth        | |  2.4
Shields        | |  0.9
Spellcasting   | |  0.9
Conjurations   | |  0.6
Hexes          | |  0.6
Summonings     | |  0.6
Necromancy     | |  0.6
Translocations | |  0.6
Transmutations | |  0.6
Fire Magic     | |  0.6
Ice Magic      | |  0.6
Air Magic      | |  0.6
Earth Magic    | |  0.6
Poison Magic   | |  0.6
Evocations     | |  2.6

Action                   || total
-------------------------++-------
Melee: Hand axe          ||    99
       Punch             ||     5
       Bite              ||    10
       Flail             ||     9
 Stab: Sleeping          ||     3
Armor: Leather armour    ||    15
       Ring mail         ||    43
Dodge: Dodged            ||    79
Block: Kite shield       ||     4
